 Dungeon Crawl Stone Soup version 0.31-a0-237-g2d982f9f85 (webtiles) character file.

Game seed: 4538796143719650636

271 qw the Shooter (level 6, -1/36 HPs)
             Began as a Gargoyle Hexslinger on July 10, 2023.
             Frozen to death by an endoplasm (4 damage)
             ... on level 4 of the Dungeon.
             The game lasted 00:01:04 (2583 turns).

qw the Shooter (Gargoyle Hexslinger)                Turns: 2583, Time: 00:01:05

Health: -1/36      AC:  9    Str: 11    XL:     6   Next: 23%
Magic:  7/7        EV: 10    Int: 14    God:
Gold:   174        SH:  0    Dex: 14    Spells: 6/7 levels left

rFire   . . .        Y - +1 sling (freeze)
rCold   . . .        (no shield)
rNeg    + . .        g - +0 ring mail
rPois   inf          (no helmet)
rElec   +            (no cloak)
rCorr   +            (no gloves)
SInv    .            (no boots)
Will    .....        (no amulet)
Stlth   +            d - ring of resist corrosion
HPRegen 0.26/turn    (no ring)
MPRegen 0.10/turn

%: no passive effects
@: no status effects
A: sickness immunity, AC +4, negative energy resistance 1, electricity
resistance, torment resistance 1, petrification resistance
a: no special abilities


You were on level 4 of the Dungeon.
You visited 1 branch of the dungeon, and saw 4 of its levels.

You collected 174 gold pieces.


Innate Abilities, Weirdness & Mutations

You are immune to sickness and miasma.
Your stone body is resilient. (AC +4)
You are immune to poison.
You resist negative energy. (rN+)
You are resistant to electric shocks. (rElec)
You are resistant to unholy torment.
You are immune to petrification.


   Skills:
 + Level 2.4 Fighting
 - Level 5.8 Ranged Weapons
 - Level 1.0 Armour
 - Level 1.5 Dodging
 - Level 1.0 Spellcasting
 - Level 2.6 Hexes


You had 6 spell levels left.
You knew the following spells:

 Your Spells              Type           Power      Damage    Failure   Level
a - Slow                  Hex            32%        N/A       21%         1

Your spell library contained the following spells:

 Spells                   Type           Power      Damage    Failure   Level
 Inner Flame              Hex/Fire       4%         N/A       71%         3
 Portal Projectile        Hex/Tloc       8%         N/A       71%         3
 Cause Fear               Hex            4%         N/A       90%         4

Inventory:

Hand Weapons
 Y - a +1 sling of freezing (weapon)
Armour
 g - a +0 ring mail (worn)
Jewellery
 d - a ring of resist corrosion (left hand)
 e - a ring of ice
Scrolls
 j - a scroll of identify
Potions
 a - a potion of haste {unknown}
 b - a potion of resistance
 c - a potion of enlightenment {unknown}
 f - a potion of ambrosia {unknown}
 k - a potion of curing {unknown}
 l - a potion of berserk rage {unknown}

Dungeon Overview and Level Annotations

Branches:
Dungeon (4/15)
 Temple: D:4-7

Altars:


Message History

An orc comes into view. It is wielding a +0 club.
The orc wizard casts a spell at you.
You are confused.
The endoplasm hits you but does no damage.
The endoplasm completely misses you.
The orc wizard hits you with a +2 dagger of venom.
The endoplasm freezes you.
You are frozen.
The orc wizard casts a spell at you. The puff of flame misses you.
You feel less confused. The endoplasm closely misses you.
The orc wizard hits you but does no damage.
You shoot a sling bullet. The sling bullet hits the orc wizard.
The sling bullet freezes the orc wizard.
The orc wizard is heavily wounded.
The endoplasm freezes you.
You are frozen.
The orc wizard gestures at you while chanting.
The magic dart hits you!
You shoot a sling bullet.
The sling bullet hits the orc wizard but does no damage.
The orc wizard is heavily wounded.
The endoplasm closely misses you.
The orc wizard hits you with a +2 dagger of venom.
You shoot a sling bullet. The sling bullet hits the orc wizard!
The sling bullet freezes the orc wizard.
You kill the orc wizard!
The endoplasm closely misses you.
You shoot a sling bullet. The sling bullet barely misses the orc.
The endoplasm freezes you.
You are frozen.
The orc hits you with a +0 club. The orc closely misses you.
The endoplasm freezes you.
You are frozen.
You shoot a sling bullet. The sling bullet hits the orc.
The sling bullet freezes the orc.
You kill the orc!
The endoplasm freezes you.
You are frozen.
You die...

..# . ..## .# ...+
.# #..#.. #..#.
#.>. #)J# #
#.@#######
#.###........#
.##.....######.#
..<......#
.#######.#......[.
#.#######.#........
#.........+........
########.##........
#........+.......#


You could see an endoplasm.

Vanquished Creatures
  Edmund (D:4)
  An orc wizard (D:4)
  A gnoll (D:1)
  6 adders
  3 worms
  2 dart slugs (D:2)
  7 orcs
  3 ball pythons
  4 endoplasms
  A giant cockroach (D:2)
  9 goblins
  4 hobgoblins
  6 kobolds
  5 bats
  4 frilled lizards
  6 rats
63 creatures vanquished.

Notes
Turn   | Place    | Note
-------+----------+-------------------------------------------
     0 | D:1      | qw the Gargoyle Hexslinger began the quest for the Orb.
     0 | D:1      | Reached XP level 1. HP: 12/12 MP: 2/2
     0 | D:1      | 0 ||| qw: Version: 0.3-a-52-g30416fa
     0 | D:1      | 0 ||| qw: Game counter: 4980
     0 | D:1      | 0 ||| qw: Melee chars always use a shield: true
     0 | D:1      | 0 ||| qw: God list: Okawaru
     0 | D:1      | 0 ||| qw: Allow faded altars: false
     0 | D:1      | 0 ||| qw: Do Orc after clearing Dungeon:15 true
     0 | D:1      | 0 ||| qw: Do second Lair branch before Depths: true
     0 | D:1      | 0 ||| qw: Lair rune preference: random
     0 | D:1      | 0 ||| qw: Goals: Normal
     0 | D:1      | 0 ||| PLANNING D:1-11
    93 | D:1      | Reached skill level 3 in Ranged Weapons
    93 | D:1      | Reached XP level 2. HP: 13/16 MP: 3/3
    96 | D:1      | 96 ||| FLEEEEING.
    97 | D:1      | 97 ||| FLEEEEING.
    99 | D:1      | 99 ||| FLEEEEING.
   100 | D:1      | 100 ||| FLEEEEING.
   101 | D:1      | 101 ||| FLEEEEING.
   528 | D:1      | Reached XP level 3. HP: 21/21 MP: 4/4
   708 | D:1      | 708 ||| SWAPPING to +0 sling of freezing.
   709 | D:1      | 709 ||| DROPPING +1 sling.
   711 | D:1      | 711 ||| UPGRADING to +0 leather armour.
   721 | D:1      | 721 ||| DROPPING +0 robe.
   722 | D:1      | 722 ||| UPGRADING to +0 ring mail.
   732 | D:1      | 732 ||| DROPPING +0 leather armour.
   733 | D:1      | 733 ||| UPGRADING to ring of resist corrosion.
   734 | D:1      | 734 ||| READING scroll labelled DAYFIP NEHU.
   735 | D:1      | 735 ||| READING scroll labelled FOPNUO POIG.
   736 | D:1      | 736 ||| READING 3 scrolls labelled WARUBL GEVIN.
   737 | D:1      | 737 ||| DROPPING scroll of poison.
   738 | D:1      | 738 ||| DROPPING 2 scrolls of blinking.
   944 | D:2      | Reached XP level 4. HP: 26/26 MP: 5/5
  1036 | D:2      | Reached skill level 4 in Ranged Weapons
  1134 | D:2      | Reached skill level 1 in Armour
  1529 | D:2      | 1529 ||| DRINKING 2 pink potions.
  1723 | D:3      | Reached XP level 5. HP: 30/30 MP: 6/6
  1982 | D:3      | Found a faded altar of an unknown god.
  2421 | D:3      | 2421 ||| READING scroll labelled WUARUO ZINI.
  2422 | D:3      | 2422 ||| READING scroll labelled ANOIH GIXU.
  2423 | D:3      | 2423 ||| READING 2 scrolls labelled EDEMAO VU GAQU.
  2424 | D:3      | 2424 ||| READING scroll labelled ORPHIO YGAO.
  2425 | D:3      | 2425 ||| READING scroll labelled BYZOUCUDUKH.
  2430 | D:3      | 2430 ||| DROPPING scroll of amnesia.
  2491 | D:4      | Noticed Edmund
  2501 | D:4      | Killed Edmund
  2502 | D:4      | Reached skill level 5 in Ranged Weapons
  2502 | D:4      | Reached XP level 6. HP: 29/35 MP: 7/7
  2580 | D:4      | HP: 7/35 [orc wizard/+2 dagger of venom (5)]
  2582 | D:4      | HP: 2/36 [frozen (2)]
  2583 | D:4      | Frozen to death by an endoplasm

Levels and vault maps discovered:
D:1:      grunt_arrival_lava_bath, layout_loops_ring, nicolae_grassy_gnolls
D:2:      layout_basic
D:3:      layout_basic, chequers_ecumenical_altar_grove, serial_bayou_lagoon_a,
          grunt_ministairs_8, chequers_serial_rivers_room_a,
          chequers_serial_rivers_micro_c, roderic_roman_lattice
D:4:      layout_basic, tgw_kikubaaqudgha, mainiacjoe_overflow_boulevard,
          serial_shops, shop, uniq_menkaure, uniq_edmund

Skill      XL: |  1  2  3  4  5 |
---------------+----------------+-----
Ranged Weapons | 3 4 5 |  5.8
Fighting       | 2 |  2.4
Armour         | 1 |  1.0
Dodging        | |  1.5
Spellcasting   | |  1.0
Hexes          | |  2.6

Action                     |  1- 3 |  4- 6 || total
---------------------------+-------+-------++-------
   Fire: Sling             |    91 |   151 ||   242
    Use: Scroll            |     3 |     5 ||     8
         Potion            |       |     1 ||     1
 Armour: Robe              |     5 |       ||     5
         Ring mail         |    16 |    49 ||    65
  Dodge: Dodged            |    29 |    52 ||    81

Table legend:
 A = Non-vault XP
 B = Vault XP
 C = Vault XP percentage of total XP
 D = Non-vault monster count
 E = Vault monster count
 F = Vault count percentage of total count
                 A         B        C        D         E       F
            +---------+---------+-------+---------+---------+-------
      Total |     217 |     174 |  44.5 |      59 |       4 |   6.3
            +---------+---------+-------+---------+---------+-------
        D:1 |      24 |      14 |  36.8 |      15 |       1 |   6.2
        D:2 |      99 |       0 |   0.0 |      19 |       0 |   0.0
        D:3 |      53 |       7 |  11.7 |      21 |       2 |   8.7
        D:4 |      41 |     153 |  78.9 |       4 |       1 |  20.0
            +---------+---------+-------+---------+---------+-------
